 Dungeon Crawl Stone Soup version 0.28-a0-476-g0f06bd746f (webtiles) character file.

Game seed: 2363229936853773703

1031 siradein the Ducker (level 8, -4/62 HPs)
             Began as a Vampire Gladiator on Sept 16, 2021.
             Slain by an ogre (16 damage)
             ... on level 5 of the Dungeon.
             The game lasted 00:07:32 (5109 turns).

siradein the Ducker (Vampire Gladiator)             Turns: 5109, Time: 00:07:32

Health: -4/62      AC:  9    Str: 14    XL:     8   Next: 3%
Magic:  8/8        EV:  8    Int: 11    God:
Gold:   280        SH:  0    Dex: 16    Spells: 7/7 levels left

rFire   . . .      SeeInvis +   a - +0 long sword
rCold   . . .      Faith    .   (no shield)
rNeg    . . .      Spirit   .   w - +0 chain mail
rPois   .          Reflect  .   c - +0 helmet
rElec   .          Harm     .   (no cloak)
rCorr   .          Rampage  .   (no gloves)
Will    +....                   (no boots)
Stlth   ..........              (no amulet)
HPRegen 0.40/turn               o - ring of willpower
MPRegen 0.11/turn               (no ring)

@: healing quickly, studying Slings
A: alive, fangs 3, see invisible, vampiric 2
a: Exsanguinate


You were on level 5 of the Dungeon.
You visited 1 branch of the dungeon, and saw 5 of its levels.

You collected 280 gold pieces.

Inventory:

Hand Weapons
 a - a +0 long sword (weapon)
 m - a +2 dagger of venom
Missiles
 d - a throwing net
 i - 6 javelins
 n - 4 silver javelins
 s - 18 poisoned darts (quivered)
Armour
 c - a +0 helmet (worn)
 w - a +0 chain mail (worn)
Jewellery
 o - a ring of willpower (left hand)
Wands
 b - a wand of polymorph (9)
 v - a wand of flame (17)
Scrolls
 f - a scroll of vulnerability {unknown}
 g - 3 scrolls of identify {unknown}
 h - 2 scrolls of magic mapping {unknown}
 j - 2 scrolls of noise {unknown}
 k - a scroll of amnesia {unknown}
 l - a scroll of blinking {unknown}
 t - a scroll of teleportation {unknown}
 u - a scroll of silence {unknown}
Potions
 e - 6 potions of curing {unknown}
 p - a potion of degeneration {unknown}
 q - a potion of heal wounds {unknown}


   Skills:
 + Level 5.2 Fighting
 + Level 6.1 Long Blades
 - Level 1.5 Throwing
 + Level 6.7 Dodging


You had 7 spell levels left.
You didn't know any spells.
Your spell library contained the following spells:

 Spells                   Type           Power      Damage    Failure   Level
 Animate Skeleton         Necr           0%         N/A       100%        1
 Apportation              Tloc           0%         N/A       100%        1
 Summon Small Mammal      Summ           0%         N/A       100%        1
 Slow                     Hex            0%         N/A       100%        2
 Confusing Touch          Hex            0%         N/A       100%        3
 Vampiric Draining        Necr           0%         2d6       100%        3
 Airstrike                Air            0%         N/A       100%        4
 Summon Lightning Spire   Summ/Air       0%         N/A       100%        4
 Lightning Bolt           Conj/Air       0%         1d11      100%        5


Dungeon Overview and Level Annotations

Branches:
Dungeon (5/15)
 Temple: D:4-7

Altars:
The Shining One


Innate Abilities, Weirdness & Mutations

Your natural rate of healing is accelerated.
You have razor-sharp teeth.
You have supernaturally acute eyesight. (SInv)
You are afflicted with vampirism and can become a bat while bloodless.


Message History

You hit the sky beast.
The sky beast is moderately wounded.
The sky beast closely misses you.
You hit the sky beast but do no damage. You bite the sky beast.
The sky beast is heavily wounded.
The sky beast hits you but does no damage.
You hit the sky beast.
The sky beast is heavily wounded.
The sky beast closely misses you.
You slash the sky beast!
The sky beast is almost dead.
The sky beast hits you but does no damage.
You closely miss the sky beast. Your bite misses the sky beast.
The sky beast is almost dead.
The sky beast hits you but does no damage.
You hit the sky beast.
You kill the sky beast!
You have reached level 8!
Your chain mail prevents you from hitting the ogre.
The ogre hits you with a +0 giant club!
You are too injured to fight recklessly!
You are too injured to fight recklessly!
You are too injured to fight recklessly!
You are too injured to fight recklessly!
You are too injured to fight recklessly!
You are too injured to fight recklessly!
You slash the ogre!
The ogre is moderately wounded.
The ogre closely misses you.
You hit the ogre.
The ogre is moderately wounded.
The ogre hits you with a +0 giant club!
* * * LOW HITPOINT WARNING * * *
You slash the ogre!
The ogre is severely wounded.
The ogre barely misses you.
You hit the ogre but do no damage.
The ogre is severely wounded.
The ogre hits you with a +0 giant club!
You die...

...#########
#.#.##.##### #
...# #.#........#
# ####
#.##.......# #
#.##.......#######
#.###.............
#.# #......#######
#.# #.>....# #.#
#......# #@#
####'### #O# #.#
#.# #.# #.# #.#
... #.# ... #.#
... #.### .....
#...#######
#.........#


You could see an ogre.

Vanquished Creatures
  2 sky beasts (D:5)
  A phantom (D:4)
  Blork the orc (D:5)
  2 scorpions
  A hound (D:5)
  A bullfrog skeleton (D:5)
  4 orc priests
  3 iguanas
  A jelly (D:5)
  Terence (D:3)
  4 orc wizards
  A hound skeleton (D:4)
  A howler monkey skeleton (D:5)
  2 adders
  4 gnolls
  An ufetubus (D:4)
  A worm (D:2)
  3 dart slugs
  18 orcs
  6 endoplasms
  3 giant cockroaches
  4 hobgoblins
  3 jackals
  6 quokkas
  6 ball pythons
  4 bats
  6 frilled lizards
  5 goblins
  6 kobolds
  A quokka skeleton (D:4)
  5 rats
107 creatures vanquished.

Notes
Turn   | Place    | Note
-------+----------+-------------------------------------------
     0 | D:1      | siradein the Vampire Gladiator began the quest for the Orb.
     0 | D:1      | Reached XP level 1. HP: 16/16 MP: 1/1
   162 | D:1      | Reached XP level 2. HP: 19/22 MP: 2/2
   876 | D:2      | Gained mutation: You are afflicted with vampirism and can
                  | become a bat while bloodless. [Vampire growth]
   876 | D:2      | Reached XP level 3. HP: 27/27 MP: 3/3
  2000 | D:3      | Noticed Terence
  2030 | D:3      | Killed Terence
  2031 | D:3      | Reached XP level 4. HP: 12/34 MP: 4/4
  2295 | D:3      | Reached XP level 5. HP: 16/41 MP: 5/5
  3244 | D:3      | Reached skill level 5 in Dodging
  3313 | D:4      | Reached XP level 6. HP: 38/47 MP: 6/6
  4208 | D:4      | Reached skill level 5 in Long Blades
  4448 | D:5      | Entered Level 5 of the Dungeon
  4492 | D:5      | Noticed Blork the orc
  4507 | D:5      | Killed Blork the orc
  4508 | D:5      | Reached XP level 7. HP: 47/55 MP: 7/7
  5079 | D:5      | Reached skill level 5 in Fighting
  5105 | D:5      | Reached XP level 8. HP: 36/62 MP: 8/8
  5109 | D:5      | Slain by an ogre

Illustrated notes

Levels and vault maps discovered:
D:1:      elethiomel_arrival_infinity_welcomes_careful_drivers,
          layout_loops_ring
D:2:      layout_loops_ring, serial_co_window_serial, co_window_paths_b,
          co_window_corner_a, co_window_corner_a, co_window_of_opportunity_a,
          co_window_of_opportunity_a, co_window_corner_a, co_window_paths_b,
          co_window_corner_b, co_window_broadway_b, co_window_of_opportunity_c,
          co_window_broadway_a, co_window_corner_b, co_window_broadway_b,
          glass_columns_b, glass_columns_b, glass_columns_b, minmay_pentomino_p2
D:3:      layout_loops_cross, nicolae_overflow_crystal_walls, uniq_terence
D:4:      layout_basic
D:5:      layout_basic, uniq_blork_the_orc

Skill      XL: |  1  2  3  4  5  6  7 |
---------------+----------------------+-----
Fighting       | 2 3 4 5 |  5.2
Dodging        | 4 5 6 |  6.7
Long Blades    | 4 5 6 |  6.1
Throwing       | |  1.5

Action                   |  1- 3 |  4- 6 |  7- 9 || total
-------------------------+-------+-------+-------++-------
Melee: Long sword        |    62 |     5 |    81 ||   148
       Bite              |    10 |    23 |    10 ||    43
       Short sword       |    69 |    36 |       ||   105
       Dagger            |       |   130 |       ||   130
Throw: Throwing net      |       |     1 |     1 ||     2
 Stab: Sleeping          |     1 |     1 |       ||     2
       Held in net/web   |       |     1 |       ||     1
Armor: Leather armour    |    26 |    29 |       ||    55
       Ring mail         |       |     3 |     9 ||    12
       Chain mail        |       |       |     9 ||     9
Dodge: Dodged            |   110 |   109 |    40 ||   259

Table legend: (Time is in decaauts)
 A = Elapsed time spent in this place.
 B = Non-inter-level travel time spent in this place.
 C = Inter-level travel time spent in this place.
 D = Time resting spent in this place.
 E = Time spent auto-exploring this place.
 F = Levels seen in this place.
 G = Mean time per level.
                   A        B        C        D        E       F      G
               +--------+--------+--------+--------+--------+-----+--------+
         Total |   5111 |   4826 |    285 |    114 |   3773 |   5 | 1022.2 |
       Dungeon |   5111 |   4826 |    285 |    114 |   3773 |   5 | 1022.2 |
               +--------+--------+--------+--------+--------+-----+--------+

Top non-repeatable levels by time:
     D:4: 1305 daAuts
     D:3: 1137 daAuts
     D:2: 1114 daAuts
     D:1: 886 daAuts
     D:5: 667 daAuts
